AoeStats
← Calders

Black Forest

509590265Analyzed
4v4 RM · 4d ago on Sep 27, 2026· 38m 10s· 8 players
Game mode
Random Map
Map size
Large (8 player)
Population
200
Speed
Normal
Resources
Standard
Victory
Conquest
Starting age
Dark Age
Ending age
Imperial Age
RankedLock teamsTeams togetherTeam positionsShared explorationLock speedFull tech treeHidden civsTurbo modeCheats
Victory
Defeat
🇦🇺 Koreans · Australia
1544
+14
🇦🇺 Slavs · Australia
1536
+15
🇨🇳 Saracens · China
1496
+16
🇦🇺 Mongols · Australia
1427
+19
🇳🇱 Danes · Netherlands
1578
-18
🇬🇧 Berbers · United Kingdom
1522
-17
🇨🇿 Khmer · Czechia
1518
-17
🇹🇷 Vietnamese · Türkiye
1402
-12
Window_of_Opportunity
0:52 Loom
1:20 Loom
12:38 Feudal Age
12:41 Man-at-Arms
13:41 Double-Bit Axe
13:39 Horse Collar
14:35 Arson
22:19 Castle Age
23:24 Bow Saw
23:27 Stone Mining
23:47 Heavy Plow
28:32 Scale Mail Armor
Calders
0:41 Loom
12:58 Feudal Age
13:57 Double-Bit Axe
16:34 Horse Collar
19:03 Fletching
22:37 Castle Age
22:13 Fishing Lines
23:47 Bow Saw
23:54 Heavy Plow
26:17 Town Watch
27:07 Wheelbarrow
28:23 Gillnets
28:37 Stone Mining
28:49 Gold Mining
29:24 Bodkin Arrow
34:33 Imperial Age
32:08 Padded Archer Armor
32:18 Kasbah
33:38 Hand Cart
33:41 Leather Archer Armor
34:36 Ballistics
33:58 Treadmill Crane
34:57 Thumb Ring
35:05 Bloodlines
34:55 Husbandry
35:21 Bracer
36:24 Chemistry
36:07 Conscription
37:35 Ring Archer Armor
37:14 Siege Engineers
36:49 Treadmill Crane
37:20 Masonry
37:18 Elite Camel Archer
38:08 Murder Holes
38:24 Masonry
DetectiveYemitoShumafuk
9:33 Feudal Age
12:48 Castle Age
12:36 Horse Collar
17:49 Wheelbarrow
18:57 Double-Bit Axe
20:05 Heavy Plow
21:26 Bow Saw
22:50 Stone Mining
22:52 Gold Mining
24:23 Stone Shaft Mining
24:55 Hand Cart
24:26 Loom
25:40 Gold Shaft Mining
29:42 Imperial Age
28:23 Ballistics
28:13 Masonry
28:01 Town Watch
28:50 Scale Barding Armor
28:56 Forging
29:28 Tusk Swords
30:29 Chain Barding Armor
31:16 Bloodlines
31:08 Husbandry
30:53 Elite Ballista Elephant
31:56 Conscription
32:23 Hoardings
32:50 Chemistry
32:22 Architecture
33:00 Plate Barding Armor
33:00 Iron Casting
32:56 Double Crossbow
36:03 Blast Furnace
34:31 Heavy Scorpion
hirax34
11:55 Feudal Age
15:39 Castle Age
13:51 Double-Bit Axe
13:49 Fishing Lines
16:49 Bow Saw
16:48 Gillnets
19:14 Horse Collar
23:42 Wheelbarrow
23:40 Heavy Plow
25:46 Gold Mining
25:47 Stone Mining
29:39 Imperial Age
28:24 Hand Cart
28:40 Scale Barding Armor
28:45 Forging
28:50 Chatras
30:06 Bloodlines
30:00 Husbandry
30:22 Chain Barding Armor
29:46 Elite Battle Elephant
29:57 Onager
30:52 Town Watch
33:00 Plate Barding Armor
33:01 Iron Casting
33:48 Crop Rotation
34:30 Chemistry
34:07 Devotion
36:17 Fletching
农夫累
2:27 Loom
12:30 Feudal Age
13:07 Town Watch
16:14 Castle Age
16:01 Double-Bit Axe
16:06 Gold Mining
18:35 Bow Saw
20:41 Horse Collar
23:07 Wheelbarrow
23:24 Stone Mining
24:31 Hand Cart
31:43 Imperial Age
30:09 Scale Barding Armor
31:15 Chain Barding Armor
32:00 Forging
33:02 Plate Barding Armor
31:48 Elite Mameluke
32:50 Conscription
32:35 Heavy Plow
33:41 Iron Casting
34:07 Bloodlines
33:58 Husbandry
37:41 Caravan
Saintly
9:47 Loom
13:11 Feudal Age
14:22 Double-Bit Axe
16:47 Castle Age
14:39 Fishing Lines
17:59 Bow Saw
21:05 Gillnets
25:09 Wheelbarrow
25:10 Wheelbarrow
26:23 Gold Mining
26:25 Stone Mining
28:04 Gold Shaft Mining
27:49 Hand Cart
31:28 Imperial Age
28:44 Town Watch
31:51 Imperial Age
29:07 Town Watch
29:50 Scale Barding Armor
29:56 Forging
30:06 Masonry
30:20 Ballistics
29:56 Murder Holes
29:53 Fletching
31:26 Detinets
31:48 Chain Barding Armor
32:05 Iron Casting
32:14 Bloodlines
32:04 Husbandry
32:05 Bodkin Arrow
32:01 Elite Boyar
33:03 Conscription
33:30 Plate Barding Armor
34:14 Blast Furnace
32:57 Horse Collar
33:49 Heavy Plow
35:11 Chemistry
35:38 Hoardings
36:15 Caravan
Fenrir
0:54 Loom
11:02 Feudal Age
15:12 Wheelbarrow
16:36 Double-Bit Axe
19:03 Castle Age
18:11 Horse Collar
20:01 Bow Saw
27:01 Gold Mining
31:49 Imperial Age
31:55 Imperial Age
30:03 Fletching
30:32 Hand Cart
34:51 Bodkin Arrow
36:19 Chemistry
36:06 Elite Mangudai
36:48 Bracer
37:40 Padded Archer Armor
38:01 Ballistics
38:17 Caravan
eimer6174
11:41 Feudal Age
15:12 Castle Age
13:58 Double-Bit Axe
13:54 Horse Collar
16:16 Bow Saw
23:53 Fishing Lines
25:04 Gillnets
26:51 Wheelbarrow
26:01 Town Watch
26:01 Loom
29:57 Imperial Age
27:42 Fletching
28:14 Ballistics
28:51 Bodkin Arrow
31:41 Chemistry
30:42 Bracer
30:42 Scale Mail Armor
31:05 Conscription
31:04 Heavy Rocket Cart
32:54 Siege Engineers
34:41 Shinkichon
38:25 Coinage
38:06 Guilds
37:56 Caravan
Connection lost

Rejoining the realm…

Still unreachable

The connection could not be restored.

Session expired

The server has moved on; the page needs a fresh start.